Cogmind - Beta 13 @@@ ROGUE MODE // 2024.03.21 @ 10:29:11 Player: Rohain Result: Destroyed by as-40309 with Assembled Heavy Rifle Performance ------------- Evolutions (0) 0 Regions Visited (2) 400 Robots Destroyed (7) 35 Value Destroyed (161) 161 Prototype IDs (0) 0 Alien Tech Used (0) 0 Bonus (0) 0 TOTAL SCORE: 596 Bonus ------- None Cogmind --------- Core Integrity 0/250 Matter 300/300 Energy 99/100 System Corruption 6% Temperature Cool (0) Movement Core (50) Location -10/Mines Parts ------- > --- POWER (1) -------- (None) > --- PROPULSION (2) --- (None) > --- UTILITY (2) ------ (None) > --- WEAPON (2) ------- (None) > --- INVENTORY (5) ---- Aluminum Leg Large Storage Unit EM Pulse Gun Peak State ------------ > --- POWER ------------ Light Ion Engine > --- PROPULSION ------- Aluminum Leg Aluminum Leg > --- UTILITY ---------- Small Storage Unit Signal Interpreter > --- WEAPON ----------- Medium Laser Small Laser > --- INVENTORY -------- Light Ion Engine Aluminum Leg EM Pulse Gun Assault Rifle Grenade Launcher [Rating: 7] Favorites ----------- Power Light Ion Engine Engine Light Ion Engine Propulsion Aluminum Leg Leg Aluminum Leg Utility Small Storage Unit Storage Small Storage Unit Processor Signal Interpreter Weapon Medium Laser Energy Gun Medium Laser Ballistic Gun Assault Rifle Launcher Grenade Launcher Build | -11 -10 -10 ------- Run | Yrd Mat Min Slots Evolved . | . . . Power . | . . . Propulsion . | . . . Utility . | . . . Weapon . | . . . Parts Attached 14 | 5 6 3 Power 3 | 1 2 . Engine 3 | 1 2 . Core . | . . . Reactor . | . . . Propulsion 4 | 2 2 . Treads . | . . . Leg 4 | 2 2 . Wheel . | . . . Hover . | . . . Flight . | . . . Utility 2 | 1 1 . Device . | . . . Storage 1 | 1 . . Processor 1 | . 1 . Hackware . | . . . Protection . | . . . Artifact . | . . . Weapon 5 | 1 1 3 Energy Gun 3 | 1 1 1 Energy Cannon . | . . . Ballistic Gun 1 | . . 1 Ballistic Cannon . | . . . Launcher 1 | . . 1 Special Weapon . | . . . Impact Weapon . | . . . Slashing Weapon . | . . . Piercing Weapon . | . . . Special Melee Weapon . | . . . Unidentified Prototypes . | . . . Parts Lost 9 | . 1 8 Power 2 | . 1 1 Propulsion 2 | . . 2 Utility 1 | . . 1 Weapon 4 | . . 4 Highest Loss Streak 8 | . 1 8 To Critical Strikes . | . . . Average Slot Usage (%) 80 | . 94 25 Engine 11 | . 14 3 Leg 23 | . 28 7 Storage 11 | . 14 4 Processor 10 | . 11 3 Energy Gun 21 | . 24 7 Naked Turns 100 | . . 100 Heaviest Build 13 | 10 13 11 Greatest Support 20 | 20 20 20 Greatest Overweight (x) 2 | . . 2 Average Overweight (x) . | . . . Largest Inventory Capacity 8 | 8 8 8 Average Capacity 7 | 7 8 5 Most Carried 8 | 4 8 7 Average Carried 5 | 1 6 3 Final Capacity 8 | 8 8 5 Final Carried 7 | 3 7 3 Class Distribution -------------------- 95% | Mutant 4% | Scavenger-Mutant Dominant Class ---------------- Mutant | -10/Materials Mutant | -10/Mines Resources | -11 -10 -10 ----------- Run | Yrd Mat Min Matter Collected 349 | 214 91 44 Remotely . | . . . Salvage Created 255 | . 214 41 Parts 16 | . 16 . Haulers Intercepted . | . . . Recyclers Shooed . | . . . Parts Field Recycled . | . . . Retrieved Matter . | . . . Parts Self-Destructed . | . . . Prevented . | . . . Kills | -11 -10 -10 ------- Run | Yrd Mat Min Combat Hostiles Destroyed 11 | . 6 5 Guns 7 | . 6 1 AOE 4 | . . 4 Classes Destroyed 4 | . 3 1 Builder 1 | . 1 . Swarmer 2 | . 2 . Grunt 4 | . 4 . Assembled 5 | . . 5 Best Kill Streak 5 | . 3 5 Combat Bots Only 5 | . 2 5 Max Kills in Single Turn 4 | . 1 4 Gunslinging . | . . . Exploded 3 | . . 3 Melee . | . . . Uniques/NPCs Destroyed . | . . . Combat | -11 -10 -10 -------- Run | Yrd Mat Min Hostile Shots Fired 78 | . 28 50 Missed 24 | . 12 12 Damage Taken 879 | . 260 619 Core 262 | . 63 199 Absorbed by Shields . | . . . Core Remaining (%) 100 | 100 . . Volleys Fired 30 | . 27 3 Largest 2 | . 2 2 Hottest 90 | . 90 90 Shots Fired 51 | . 46 5 Gun 49 | . 46 3 Cannon . | . . . Launcher 2 | . . 2 Special . | . . . Kinetic . | . . . Thermal 49 | . 46 3 Explosive 2 | . . 2 Electromagnetic . | . . . Robot Hit Streak 7 | . 7 2 Robot Miss Streak 5 | . 5 1 Penetration Max . | . . . Secondary Targets 1 | . 1 . Max Gunslinging Chain 1 | . 1 . Shots Hit Robots 31 | . 28 3 Core Hits 20 | . 11 9 Critical Kills . | . . . Critical Parts Destroyed . | . . . Critical Strikes 4 | . 4 . Burn 4 | . 4 . Melee Attacks . | . . . Impact . | . . . Slashing . | . . . Piercing . | . . . Sneak Attacks . | . . . Combat Hostiles . | . . . Follow-up Attacks . | . . . Damage Inflicted 608 | . 343 265 Guns 367 | . 343 24 Cannons . | . . . Explosions 241 | . . 241 Melee . | . . . Ramming . | . . . Kinetic . | . . . Thermal 367 | . 343 24 Explosive 241 | . . 241 Electromagnetic . | . . . Impact . | . . . Slashing . | . . . Piercing . | . . . Highest Corruption 6 | . 4 6 Average Corruption 3 | . 2 5 Corruption Purged . | . . . Corruption Blocked . | . . . Effects 11 | . 7 4 Message Errors 1 | . . 1 Matter Fused 3 | . 2 1 Heat Flow Errors 1 | . 1 . Energy Discharges 2 | . 1 1 Data Loss (minor) 3 | . 2 1 Misfires 1 | . 1 . Overload Shots . | . . . Overflow Damage 8 | . . 8 Projectiles . | . . . Explosions 8 | . . 8 Melee . | . . . Knockbacks . | . . . Impact . | . . . Kinetic . | . . . Secondary . | . . . Self-Inflicted Damage 55 | . . 55 Shots 2 | . . 2 Rammed . | . . . Targets Rammed . | . . . Kicked . | . . . Crushed . | . . . Highest Temperature 220 | . 220 58 Average Temperature 79 | . 84 33 Received Heat Transfer 172 | . 66 106 Siege Activations . | . . . Robots Corrupted . | . . . Combat Hostiles . | . . . Parts Fried . | . . . Impact Corruptions . | . . . Robots Melted . | . . . Combat Hostiles . | . . . Parts Melted 3 | . 3 . Heat Transferred 1299 | . 1225 74 Parts Sabotaged . | . . . Parts Stolen . | . . . Parts Stripped . | . . . Power Chain Reactions . | . . . Alert | -11 -10 -10 ------- Run | Yrd Mat Min Peak Influence 185 | . 185 30 Initial 21 | . . 21 Average 60 | . 78 13 Maximum Alert Level . | . . . Low Security (%) 100 | 100 100 100 Level 1 . | . . . Level 2 . | . . . Level 3 . | . . . Level 4 . | . . . Level 5 . | . . . High Security . | . . . Max Security . | . . . Squads Dispatched 2 | . 2 . Investigation 1 | . 1 . Extermination . | . . . Reinforcement 1 | . 1 . Assault . | . . . Garrison . | . . . Intercept . | . . . Searches Triggered . | . . . Construction Impeded . | . . . Haulers Reinforced . | . . . Active Scanning Responses . | . . . Cargo Convoy Interrupts . | . . . Stealth | -11 -10 -10 --------- Run | Yrd Mat Min Distress Signals . | . . . Communications Jammed . | . . . Distress Signals . | . . . Times Spotted 34 | . 13 21 Peak Tracking Total 9 | . 3 9 Tactical Retreats 4 | . 1 3 Traps | -11 -10 -10 ------- Run | Yrd Mat Min Traps Triggered 5 | . 5 . Indirectly . | . . . Trap Hack Attempts . | . . . Triggered . | . . . Disarmed . | . . . Reprogrammed . | . . . Reused . | . . . Traps Extracted . | . . . Installed . | . . . Triggered . | . . . Machines | -11 -10 -10 ---------- Run | Yrd Mat Min Machines Disabled . | . . . Max in Single Turn . | . . . Machines Repaired . | . . . Machines Dismantled . | . . . Machines Sabotaged . | . . . Overloaded Fab Kills . | . . . Hacking | -11 -10 -10 --------- Run | Yrd Mat Min Machines Accessed 3 | . 3 . Terminals 3 | . 3 . Fabricators . | . . . Repair Stations . | . . . Recycling Units . | . . . Scanalyzers . | . . . Garrison Access . | . . . Total Hacks 10 | . 10 . Successful 3 | . 3 . Failed 7 | . 7 . Catastrophic . | . . . Database Lockouts . | . . . Manual 10 | . 10 . Terminals 10 | . 10 . Fabricators . | . . . Repair Stations . | . . . Recycling Units . | . . . Scanalyzers . | . . . Garrison Access . | . . . Terminal Hacks 1 | . 1 . Robot Analysis 1 | . 1 . Fabricator Hacks . | . . . Repair Station Hacks . | . . . Recycling Unit Hacks . | . . . Scanalyzer . | . . . Garrison Access Hacks . | . . . Unauthorized Hacks 2 | . 2 . Terminals 2 | . 2 . Botnet 2 | . 2 . Fabricators . | . . . Repair Stations . | . . . Recycling Units . | . . . Scanalyzers . | . . . Garrison Access . | . . . Data Cores Recovered . | . . . Used . | . . . Hacking Detections 3 | . 3 . Full Trace Events . | . . . Feedback Events . | . . . Feedback Blocked . | . . . Robot Schematics Acquired . | . . . Robots Built . | . . . Authchips . | . . . Time . | . . . Total Robot Build Rating . | . . . Part Schematics Acquired . | . . . Parts Built . | . . . Authchips . | . . . Time . | . . . Total Part Build Rating . | . . . Parts Repaired . | . . . Time . | . . . Parts Recycled . | . . . Recycled Matter . | . . . Retrieved Matter . | . . . Retrieved Components . | . . . Parts Scanalyzed . | . . . Part Schematics Acquired . | . . . Parts Damaged . | . . . Bothacking | -11 -10 -10 ------------ Run | Yrd Mat Min Used RIF Installer . | . . . Robots Hacked . | . . . Non-combat . | . . . Combat . | . . . Robot Hacks Applied . | . . . Relay Couplers Released . | . . . Fabnet Peak Effective % . | . . . Robots Rewired . | . . . Allies Hacked . | . . . Hacks Repelled . | . . . Allies | -11 -10 -10 -------- Run | Yrd Mat Min Total Allies . | . . . Largest Group . | . . . Highest-Rated Group . | . . . Highest-Rated Ally . | . . . Total Orders . | . . . Ally Attacks . | . . . Total Damage . | . . . Kills . | . . . Allies Corrupted . | . . . Allies Melted . | . . . Intel | -11 -10 -10 ------- Run | Yrd Mat Min Robot Analysis Total 1 | . 1 . Derelict Logs Recovered 1 | . . 1 Drone Launches . | . . . Drone Recoveries . | . . . Exploration | -11 -10 -10 ------------- Run | Yrd Mat Min Turns Passed 756 | 59 559 138 Spaces Moved 650 | 40 395 215 Core 202 | 3 . 199 Treads . | . . . Legs 448 | 37 395 16 Wheels . | . . . Hover . | . . . Flight . | . . . Fastest Speed 50 | 50 120 50 Average Speed 98 | 114 120 55 Slowest Speed 150 | 120 120 150 Overloaded Moves . | . . . Propulsion Burnouts . | . . . Robots Hopped . | . . . Cave-ins Triggered . | . . . Exploration Rate (%) 41 | 4 65 56 Regions Visited 2 Branch Regions 1 Pre-discovered Areas . | . . . Known Exits Taken 1 | . 1 . Unknown Exits Taken 1 | 1 . . Scrap Searched . | . . . Spaces Dug . | . . . Terrain Destroyed 19 | . . 19 Melee . | . . . Projectile . | . . . AOE 19 | . . 19 Terrain Rammed . | . . . Walls Destroyed . | . . . Machines Disabled . | . . . Actions | -11 -10 -10 --------- Run | Yrd Mat Min Total 713 | 51 433 229 Wait 10 | 3 2 5 Move 648 | 39 394 215 Hop . | . . . Pick Up 7 | 4 3 . Fast Attach 6 | 4 2 . Attach 4 | 1 1 2 Detach . | . . . Swap 4 | . 3 1 Drop 4 | . 1 3 Fire 30 | . 27 3 Melee . | . . . Ram . | . . . Kick . | . . . Crush . | . . . Escape Stasis . | . . . Rewire . | . . . Trap . | . . . Miscellaneous . | . . . Route ------- -11/Scrapyard -10/Materials (discovered 2 exits: *Mat / *Min) -10/Mines History --------- Turn | Location | Event 2 | -11/Scrapyard | Met Revision 17 4 | -11/Scrapyard | Discovered new exit (range 16) 60 | -11/Scrapyard | Entered Materials 308 | -10/Materials | Build established: Mutant 440 | -10/Materials | Discovered new exit (range 6) 469 | -10/Materials | Identified exit to Materials 579 | -10/Materials | Discovered new exit (range 16) 618 | -10/Materials | Identified exit to Mines 619 | -10/Materials | Entered Mines 620 | -10/Mines | Assembled infested the area 625 | -10/Mines | Assisted by a Guerilla fighting off Assembled 654 | -10/Mines | Core integrity fell below 50% 658 | -10/Mines | Core integrity fell below 20% 688 | -10/Mines | Lost 8 parts (1p2n1u4w) 711 | -10/Mines | Learned Materials security intel 757 | -10/Mines | Destroyed by as-40309 with Assembled Heavy Rifle Last Messages --------------- 00651_ K-01 Serf collects debris. 00652_ Dropped Lgt. Ion Engine. 00652_ Dropped Aluminum Leg. 00653_ Dropped Sml. Storage Unit. 00653_ Sml. Laser destroyed. 00653_ Acquired 8 matter. 00654_ K-01 Serf collects debris. 00655_ Acquired 27 matter. 00655_ K-01 Serf collects debris. 00657_ Assault Rifle destroyed. 00657_ as-17488 sneak attacks. 00657_ K-01 Serf system corrupted by crushing effect. 00666_ JFI O=EP2 W,D/,WM K W2XI 2G 00669_ T-07 Excavator is excavating. 00711_ Acquired derelict log, extracted data. Data stored: Materials security intel. 00721_ System corrupted: Component data lost. 00741_ System corrupted: Matter fused (-9). 00741_ Acquired 9 matter. Map ----- +----------------------------------------------------+ | ## ##?# ## #??????????????????????????????? | | # ### # #??????????????????????????????? | | ## # #???????????????????????????????? | | #??# ##???????????????????????????????? | | #??# ## #????????????????????????????????? | | #### ### ##????????????????????????????????? | | ##?????????????????????????????????? | | ##??????????????????????????????????? | | ####### ##??????????????????????????????????? | | # #??????????????????????????????????? | | #??????????????????????????????????? | | ## ##??????????????????????????????????? | | # #####???????????????????????????????????? | | # "" #???????????????????????????????????????? | | # """ ##??????????????????????????????????????? | | # "" ###????????????????????????????????????? | | ## ##???????????????????????????????????? | | ?# ### #???????????????????????????????????? | | ?# #?## #???????????????????????????????????? | | ## #??## ##???????????????????????????????????? | | #???### #????????????????????????????????????? | | ####?????# #????????????????????????????????????? | | ?????????# #????????????????????????????????????? | | ?????????# #######???????????????? ????????? | | ?????????# a ########### ????????? | | ?????????# @ #???????????????? | | ?????????######## ##???????????????? | | ####????????????######## #####????????????????? | | # #######?????????????# ##????????????????????? | | #????????###??# u##?????????????????????? | | #### #???????# ##?#| #??????????????????????? | | ##??# #??????? #?#*!#??????????????????????? | | #???# #??????? #?#%!#??????????????????????? | | ##???# #??????? ###a=#??????????????????????? | | ##????# #??????? #; #####??????????????????? | | #?????# ######### ##?????????????????? | | #?????# ##????????????????? | | #?????# ????????????????? | | #?????########## ????????????????? | | #??????????????# ##????????????????????? | | #??????????????# ##?????????????????????? | | ???????????????#% ##??????????????????????? | | ???????????????# ############????????????????? | | ?????????????### =%###?# #????????????????? | | ?????????????# *% ### """ #????????????????? | | ?????????????## ### """ #????????????????? | | ???????????????# """ #????????????????? | | ???????????????# #????????????????? | | ???????????????# =* ## #????????????????? | | ??????????????## ! ### #????????????????? | +----------------------------------------------------+ Best States ------------- Heat Dissipation 25 Energy Generation 10 Energy Capacity 250 Matter Stores 300 Matter Capacity 300 Sight Range 16 Terrain Scan Density 10 Evasion (%) 55 Item Schematics ----------------- None Robot Schematics ------------------ None Fabricated ------------ Nothing Alien Tech Used ----------------- None Achievements -------------- None Challenges ------------ None Game ------ Seed RemoteBarrageBay Manual? 0 Play Time 00:06:33 Cumulative 63.2 hours Start 2024.03.21 @ 10:24:09 End 2024.03.21 @ 10:29:11 Sessions 1 Manual Loads 0 Difficulty Rogue Special Mode None Game No. 108 Rogue 92 Adventurer 16 Explorer 0 Win Type - Total 1 Types 1/0/0/0/0/0/0/0/0 Lore% 36 Gallery% 54 Achievement% 48 Wizard Run 0 Options --------- Layout 2 ASCII 0 Keyboard 0 Movement Vi Keybinds 0 Fullscreen 1 Font 24/Smallcaps Map View 50x49 Zoom Use 0% Tactical HUD 1 Map Filters NONE Filters NONE Steam 1 RUN: c72d5f3f-6ba7-4cdd-a3d2-04e63e18d9a2